 Dungeon Crawl Stone Soup version 0.32-a0-953-g508020473e (webtiles) character file.

Game seed: 12194191561224457931

245510 HilariousDeathArtist the Thaumaturge (level 19, -14/104 HPs)
             Began as a Vine Stalker Shapeshifter on Apr 12, 2024.
             Was a Priest of Elyvilon.
             Demolished by Mennas
             ... wielding a +4 eudemon blade of holy wrath
              (24 damage)
             ... on level 2 of the Vaults on Apr 16, 2024.
             The game lasted 01:32:07 (41136 turns).

HilariousDeathArtist the Thaumaturge (VSSh)        Turns: 41136, Time: 01:32:08

Health: -14/104    AC: 12    Str: 16 (18) XL:     19   Next: 48%
Magic:  0/34       EV: 22    Int:  9 (10) God:    Elyvilon [***...]
Gold:   1937       SH:  0    Dex: 25 (26) Spells: 44/46 levels left

rFire   + +          .
                       - Unarmed
rCold   . . .        (no shield)
rNeg    . . .        j - melded +1 robe of Bexuqon {rC+ Will+ Regen+}
rPois   +            w - +2 hat {Will+}
rElec   +            u - scarf "Kevonun" {+Inv, rF+ Dex+3}
rCorr   +            k - +2 pair of gloves of Pride {Harm}
SInv    .            t - +2 pair of boots {Stlth+}
Will    +++..        n - amulet of Dajoliv {Acrobat rElec}
Stlth   ++           A - +4 ring of protection
HPRegen 1.17/turn    P - ring "Ocurch" {rPois rF+ rCorr Dex+2}
MPRegen 0.24/turn

%: harm (+30% outgoing, +20% incoming), acrobat, guardian spirit
@: mighty, about to teleport, maw-form, marked, on blink cooldown, glowing
A: devouring maw, fangs 3, regeneration 1, magic shield, antimagic bite, no
potion heal 2, deterioration 1, low MP 1
}: 2/15 runes: decaying, serpentine
a: Begin Untransformation, Renounce Religion, Evoke Invisibility, Purification,
Heal Other, Heal Self


You were on level 2 of the Vaults.
You worshipped Elyvilon.
Elyvilon was most pleased with you.
You were a creature with a mouth for a stomach.
You visited 7 branches of the dungeon, and saw 32 of its levels.
You also visited: Bailey, Ice Cave and Volcano.

You collected 5339 gold pieces.
You spent 3402 gold pieces at shops.

Inventory:

Hand Weapons
 g - the +7 staff of the Meek {protect, meekguard}
   (You found it on level 5 of the Dungeon)
Missiles
 c - 7 curare-tipped darts
 l - 3 throwing nets {!d}
 s - 15 stones
Armour
 j - the +1 robe of Bexuqon (melded) {rC+ Will+ Regen+}
   (You found it on level 11 of the Dungeon)

   rC+:       It protects you from cold.
   Will+:     It increases your willpower.
   Regen+:    It increases your rate of health regeneration.
 k - the +2 pair of gloves of Pride (worn) {Harm}
   (You found it on level 2 of the Dungeon)

   Harm:      It increases damage dealt and taken.
 t - a +2 pair of boots of stealth (worn)
   (You bought it in a shop on level 5 of the Dungeon)
 u - the scarf "Kevonun" (worn) {+Inv, rF+ Dex+3}
   (You found it on level 6 of the Dungeon)

   Dex+3:     It affects your dexterity (+3).
   rF+:       It protects you from fire.
 w - a +2 hat of willpower (worn)
   (You found it on level 3 of the Dungeon)
 D - a +2 cloak of preservation
   (You took it off Nikola on level 3 of the Swamp)
 T - a scarf of resistance
   (You found it on level 3 of the Swamp)
Jewellery
 n - the amulet of Dajoliv (around neck) {Acrobat rElec}
   (You found it on level 2 of the Dungeon)

   [amulet of the acrobat]

   Acrobat:   It increases your evasion while moving and waiting.
   rElec:     It insulates you from electricity.
 x - the ring of Cumn {rPois MP+9 Int+2 SInv}
   (You bought it in a shop on level 8 of the Dungeon)

   [ring of poison resistance]

   Int+2:     It affects your intelligence (+2).
   rPois:     It protects you from poison.
   MP+9:      It affects your magic capacity (+9).
   SInv:      It lets you see invisible.
 A - a +4 ring of protection (left hand)
   (You bought it in a shop on level 8 of the Dungeon)
 C - a ring of protection from cold {rC+, !d}
   (You found it on level 2 of the Lair of Beasts)
 P - the ring "Ocurch" (right hand) {rPois rF+ rCorr Dex+2}
   (You bought it in a shop on level 13 of the Dungeon)

   [ring of resist corrosion]

   Dex+2:     It affects your dexterity (+2).
   rF+:       It protects you from fire.
   rPois:     It protects you from poison.
   rCorr:     It protects you from acid and corrosion.
 V - a ring of see invisible {sInv, !d}
   (You took it off an ironbound preserver on level 1 of the Vaults)
 X - a ring of flight {+Fly, !d}
   (You found it on level 1 of the Lair of Beasts)
Talismans
 e - the serpent talisman of the Saviour {+Blink rN+ Str-2}
   (You took it off Aizul on level 4 of the Snake Pit)

   [serpent talisman]

   Str-2:     It affects your strength (-2).
   rN+:       It protects you from negative energy.
   +Blink:    It lets you blink.
 f - a dragon-blood talisman
   (You found it in a volcano)
 r - a maw talisman (active)
   (You bought it in a shop on level 8 of the Dungeon)
 L - a storm talisman
   (You found it in an ice cave)
Wands
 d - a wand of digging (8)
   (You found it on level 2 of the Lair of Beasts)
 p - a wand of paralysis (31)
   (You found it on level 7 of the Dungeon)
 q - a wand of flame (9)
   (You found it on level 1 of the Vaults)
 y - a wand of mindburst (37)
   (You took it off Maurice on level 9 of the Dungeon)
 N - a wand of warping (28)
   (You found it on level 4 of the Snake Pit)
 Z - a wand of light (14)
   (You found it on level 6 of the Dungeon)
Scrolls
 b - 2 scrolls of revelation
 z - 4 scrolls of enchant weapon
 E - 3 scrolls of fear
 F - 6 scrolls of fog
 I - 3 scrolls of brand weapon
 K - a scroll of immolation {!r}
 O - a scroll of silence
 Q - 6 scrolls of poison
 S - a scroll of butterflies
 W - 8 scrolls of enchant armour
 Y - 6 scrolls of teleportation {@r3}
Potions
 a - 4 potions of enlightenment
 h - 3 potions of lignification {!q}
 i - 3 potions of invisibility
 o - 3 potions of cancellation
 v - 2 potions of magic
 B - 8 potions of brilliance
 G - 3 potions of ambrosia {!q}
 H - a potion of haste
 J - 6 potions of curing {@q1}
 M - a potion of might
 R - 3 potions of resistance
 U - 4 potions of mutation {!q}
Miscellaneous
 m - a phantom mirror (inert)
   (You found it on level 2 of the Lair of Beasts)


   Skills:
 - Level 13.0 Fighting
 - Level 12.0 Dodging
 - Level 3.0 Stealth
 * Level 13.9 Unarmed Combat
 - Level 14.0 Spellcasting
 - Level 7.0 Translocations
 - Level 14.0 Invocations
 - Level 6.0 Evocations
 - Level 14.0 Shapeshifting


You had 44 spell levels left.
You knew the following spells:

 Your Spells              Type           Power      Damage    Failure   Level
b - Blink                 Tloc           36%        N/A       1%          2

Your spell library contained the following spells:

 Spells                   Type           Power      Damage    Failure   Level
 Maxwell's Portable Pile  Tloc           18%        2d(7-19)  1%          3
 Teleport Other           Tloc           18%        N/A       1%          3
 Freeze                   Ice            24%        1d4       10%         1
 Kiss of Death            Conj/Necr      24%        2d7       10%         1
 Magic Dart               Conj           24%        1d4       10%         1
 Shock                    Conj/Air       24%        1d4       10%         1
 Sting                    Conj/Alch      24%        1d4       10%         1
 Call Imp                 Summ           12%        N/A       14%         2
 Ensorcelled Hibernation  Hex/Ice        12%        N/A       14%         2
 Mercury Vapours          Alch/Air       12%        N/A       14%         2
 Scorch                   Fire           12%        2d5       14%         2
 Searing Ray              Conj           12%        2d4       14%         2
 Dimensional Bullseye     Hex/Tloc       6%         N/A       22%         4
 Iskenderun's Mystic Bla Conj/Tloc 12%            2d5        (+2d2     22%         4
 Confusing Touch          Hex            6%         N/A       28%         3
 Frozen Ramparts          Ice            12%        1d2       28%         3
 Hailstorm                Conj/Ice       6%         3d5       28%         3
 Passwall                 Erth           6%         N/A       28%         3
 Stone Arrow              Conj/Erth      12%        3d7       28%         3
 Summon Ice Beast         Ice/Summ       6%         N/A       28%         3
 Swiftness                Air            6%         N/A       28%         3
 Tukima's Dance           Hex            6%         N/A       28%         3
 Dispersal                Tloc           9%         N/A       63%         6
 Gell's Gavotte           Tloc           9%         2d(15-22) 63%         6
 Airstrike                Air            3%         2d(1-17)  67%         4
 Animate Armour           Summ/Erth      12%        N/A       67%         4
 Dispel Undead            Necr           6%         3d8       67%         4
 Flame Wave               Conj/Fire      6%         2d5       67%         4
 Fulminant Prism          Conj/Alch      3%         3d5       67%         4
 Olgreb's Toxic Radiance  Alch           6%         N/A       67%         4
 Arcjolt                  Conj/Air       3%         1d13      95%         5
 Summon Mana Viper        Hex/Summ       6%         N/A       95%         5
 Permafrost Eruption      Ice/Erth       3%         2x4d2     100%        6
 Sculpt Simulacrum        Ice/Alch       3%         N/A       100%        6
 Summon Cactus Giant      Summ           3%         N/A       100%        6
 Magnavolt                Erth/Air       3%         3d9       100%        7
 Monstrous Menagerie      Summ           3%         N/A       100%        7
 Lehudib's Crystal Spear  Conj/Erth      3%         10d2      100%        8
 Maxwell's Capacitive Co  Air            3%         ∞         100%        8


Dungeon Overview and Level Annotations

Branches:
Dungeon (14/15)            Temple (1/1) D:4            Lair (5/5) D:11
  Swamp (4/4) Lair:3        Snake (4/4) Lair:3        Slime (0/5) Lair:5
    Orc (2/2) D:12            Elf (0/3) Orc:2        Vaults (2/5) D:13
  Crypt (0/3) Vaults:2     Bailey (visited)           IceCv (visited)
Volcano (visited)

Altars:
Ashenzari
Cheibriados
Dithmenos
Elyvilon
Fedhas
Gozag
Hepliaklqana
Kikubaaqudgha
Makhleb
Nemelex Xobeh
Okawaru
Qazlal
Ru
Sif Muna
Trog
Uskayaw
Vehumet
Wu Jian
Xom
Yredelemnul
Zin
The Shining One
Beogh
Jiyva

Shops:
D:5 *   D:8 =   D:12 *   D:13 =   Orc:2 [[(!   Snake:1 =:*[

Portals:
Trove: D:10 (show abyssal rune of Zot)

Annotations:
D:9 Erica
D:13 2 transporters, Nahiclev's ghost, journeyman SpBr
Lair:5 1 runed translucent door
Swamp:1 2 transporters, 1 runed translucent door, exclusion: orange crystal statue, Ylluogh's ghost, adept GnWn
Vaults:2 Margery; Mennas


Innate Abilities, Weirdness & Mutations

You are a creature with a mouth for a stomach.
Your midsection houses a second, enormous mouth.
You have razor-sharp teeth.
Your natural rate of healing is unusually fast.
When hurt, damage is shared between your health and your magic reserves.
Your bite disrupts and absorbs the magic of your enemies.
Potions cannot restore your health.
Your body sometimes deteriorates upon taking damage.
Your magical capacity is low. (-10% MP)


Message History

You regained 11 hp, and now have 78/104 hp.
Your war gargoyle hits the vault sentinel with a +1 great mace of protection!!!
The vault sentinel dies!
Items here: )) [[ ††.
You now have 1937 gold pieces (gained 18).
Items here: )) [ †.
A vault sentinel opens the large door.
A lindwurm comes into view.
Your extra speed is starting to run out.
You barely miss the lindwurm. Your bite misses the lindwurm.
The lindwurm bites you but does no damage.
The lindwurm closely misses you. x2
You hit the lindwurm. You bite the lindwurm!! You drain its power.
You feel invigorated.
You bite the lindwurm!!
You regained 5 mp, and now have 28/34 mp.
You pummel the lindwurm!!
You devour half of the lindwurm!
You feel better.
You kill the lindwurm!
You regained 13 hp, and now have 97/104 hp.
You pummel the vault sentinel!! You bite the vault sentinel!!
The vault sentinel's magic leaks into the air.
You drain its magic.
You feel invigorated.
You bite the vault sentinel.
Your war gargoyle launches metal splinters at the vault sentinel.
The spray of metal splinters misses the vault sentinel.
MP restored: 34 You barely miss the vault sentinel.
Your bite misses the vault sentinel.
The vault sentinel hits you with a +1 vampiric war axe.
The vault sentinel draws strength from your wounds!
You take 2 damage, and have 96/104 hp.
You now have 33/34 mp.
You pummel the vault sentinel!!
You kill the vault sentinel!
You feel your intelligence returning.
There is a large open door, spattered with blood here.
Items here: )) [ †.
You feel yourself slow down.
You regained 2 hp, and now have 101/104 hp.
MP restored: 34 Your war gargoyle shimmers and vanishes!
There is a large broken door here.
A sphinx comes into view.
Health restored: 104
Okay, then.
Okay, then.
Press: ? - help, Dir - move target, f - sphinx Heal: a sphinx (chance to pacify: 35%)
The light of Elyvilon fails to reach the sphinx.
Mennas hits you with a +4 eudemon blade of holy wrath.
Mennas misses you.
The vault sentinel blows a loud note on a signal horn!
You take 5 damage, and have 99/104 hp.
You now have 31/34 mp.
Press: ? - help, Dir - move target, f - vault sentinel, p - sphinx Heal: a vault sentinel, wielding a +0 morningstar and wearing a +0 ring mail (catching its breath, chance to pacify: 58%)
The light of Elyvilon fails to reach the vault sentinel.
Mennas hits you with a +4 eudemon blade of holy wrath.
Mennas misses you.
Mennas hits you with a +4 eudemon blade of holy wrath!!
Your body deteriorates!
You feel dopey. Mennas misses you.
You take 17 damage, and have 82/104 hp.
You now have 22/34 mp.
Press: ? - help, Dir - move target, f - sphinx, p - vault sentinel Heal: a sphinx (haloed, chance to pacify: 35%)
The sphinx turns neutral.
Mennas hits you with a +4 eudemon blade of holy wrath!
Mennas hits you with a +4 eudemon blade of holy wrath!!
You take 40 damage, and have 42/104 hp.
MASSIVE DAMAGE!!
You now have 11/34 mp.
Press: ? - help, Dir - move target, f - vault sentinel, p - sphinx Heal: a vault sentinel, wielding a +0 morningstar and wearing a +0 ring mail (catching its breath, chance to pacify: 58%)
The light of Elyvilon fails to reach the vault sentinel.
You hear the faint whistling of a very distant wind.
Mennas hits you with a +4 eudemon blade of holy wrath!!
* * * LOW HITPOINT WARNING * * *
Mennas hits you with a +4 eudemon blade of holy wrath.
* * * LOW HITPOINT WARNING * * *
The vault sentinel completely misses the sphinx.
Mennas hits you with a +4 eudemon blade of holy wrath!
* * * LOW HITPOINT WARNING * * *
Your body deteriorates!
You feel clumsy. Mennas completely misses you.
You take 34 damage, and have 8/104 hp.
MASSIVE DAMAGE!!
You now have 2/34 mp.
Okay, then.
You blink.
You now have 0/34 mp.
Unknown command.
Okay, then.
Okay, then.
Okay, then.
Okay, then.
Okay, then.
Press: ? - help, Shift-Dir - straight line
Okay, then.
Okay, then.
As you read the scroll of teleportation {@r3}, it crumbles to dust.
You feel strangely unstable.
Mennas hits you with a +4 eudemon blade of holy wrath!!
You die...

...,,,,# *,,,,,,* *,,,,,,*
...,,,,* ******** *,,,,,,*
##***+********** *****##+#
*,,,,,,,^,,,,,,* *,,,,...#
*,,,,,,,,,,,,,,* *,,,,...#
*******+'###############..#
*,,,,,+,,'.pH..'§.#....#..#
*,,,,,+,,'.....#A.'....'..#
*******++#####*#W.'....)..#
*,,,,,,,,,,,,,,#..#....#..#
*,,,,,,,,,,,,,,#########..#
**************** #...))..#
** #..†..).# ,* ###'#####
,* #......# ,*
********#......# ,*
*,,,,,,*#......#


You could see Mennas.

Vanquished Creatures
  Nikola (Swamp:3)
  Mlioglotl (Swamp:3)
  Jorgrun (D:13)
  Frances (D:13)
  4 nagarajas
  Aizul (Snake:4)
  Louise (Swamp:4)
  3 vault wardens
  An ironbound preserver (Vaults:1)
  3 orc warlords
  A war gargoyle (Vaults:2)
  4 bunyips
  A red draconian (Volcano)
  6 eleionomae
  2 entropy weavers (Vaults:1)
  2 yaktaur captains
  3 shambling mangroves
  A great orb of eyes (Vaults:2)
  A rakshasa (D:14)
  19 hydras
  Erolcha (D:9)
  A ghost crab (Swamp:1)
  3 catoblepae
  3 vault guards (Vaults:1)
  2 ogre magi
  3 centaur warriors (D:14)
  16 anacondas
  7 alligators
  4 ironbound frosthearts (Vaults:1)
  12 two-headed ogres
  5 boulder beetles
  2 tengu warriors (D:14)
  4 orc high priests
  2 hell hogs (Lair:5)
  9 naga sharpshooters
  10 shock serpents
  A hell knight (Vaults:2)
  Sonja (Lair:3)
  18 spriggans
  7 naga warriors
  A deep elf knight (D:13)
  A fire crab (Lair:5)
  4 salamander mystics
  A goliath frog (Swamp:1)
  The ghost of JoadsterXIII the Shield-Bearer, a novice FoFi of Beogh (D:8)
  7 mana vipers
  4 spriggan druids
  5 naga ritualists
  5 bog bodies
  An obsidian statue (Volcano)
  5 deep trolls (Vaults:1)
  2 obsidian bats
  14 swamp dragons
  4 ironbound convokers
  17 lindwurms
  8 orc knights
  3 deep elf pyromancers
  4 ugly things
  A deep elf zephyrmancer (D:13)
  5 orc sorcerers (Orc:2)
  3 cyclopes
  Maurice (D:9)
  3 will-o-the-wisps
  6 guardian serpents
  10 salamanders
  10 elephants
  3 manticores
  7 vault sentinels
  An ice statue (IceCv)
  31 black mambas
  A smoke demon (D:10)
  9 cane toads
  13 naga magi
  An eye of devastation (shapeshifter) (D:14)
  2 molten gargoyles (Lair:5)
  A gargoyle (D:11)
  An efreet (D:14)
  A rime drake (Lair:5)
  2 unseen horrors
  A yaktaur (shapeshifter) (D:14)
  2 freezing wraiths
  16 komodo dragons
  11 yaktaurs
  2 tengu conjurers (D:14)
  A kobold demonologist (D:13)
  4 trolls
  20 hornets
  4 tyrant leeches
  3 polar bears
  A tarantella (Vaults:1)
  5 saltlings (Orc:2)
  26 blink frogs
  11 slime creatures
  A spriggan (shapeshifter) (D:14)
  6 water elementals
  4 fire bats (Volcano)
  2 wraiths
  A vampire (D:11)
  Grum (D:8)
  9 wyverns
  39 yaks
  3 redbacks (Vaults:1)
  6 wargs
  2 death yak simulacra (IceCv)
  4 steam dragons
  7 basilisks
  Menkaure (D:6)
  12 vampire mosquitoes
  23 nagas
  2 acid dragons
  16 swamp worms
  4 hell hounds (Lair:5)
  26 water moccasins
  A hydra simulacrum (IceCv)
  Duvessa (D:6)
  9 swamp drakes
  28 orc warriors
  4 black bears
  2 laughing skulls (D:14)
  4 wolves (D:8)
  10 ogres
  6 centaurs
  Blork the orc (D:4)
  8 kobold brigands
  6 bullfrogs
  A gnoll sergeant (D:6)
  4 scorpions (D:5)
  7 two-headed ogre simulacra (IceCv)
  4 cane toad simulacra (IceCv)
  9 wights
  Dowan (D:6)
  An elephant simulacrum (IceCv)
  10 killer bees
  6 howler monkeys
  6 electric eels
  2 bombardier beetles
  10 lava snakes
  A jelly (D:8)
  5 hounds
  4 orc priests
  3 sleepcaps
  4 gnoll boudas
  Terence (D:2)
  13 iguanas
  15 orc wizards
  4 spriggan simulacra (IceCv)
  5 polar bear simulacra (IceCv)
  3 troll simulacra (IceCv)
  2 wolf simulacra (IceCv)
  31 gnolls
  17 adders
  7 naga simulacra (IceCv)
  3 shadow imps
  18 white imps
  4 ufetubi (IceCv)
  5 ribbon worms
  5 dart slugs
  50 orcs
  7 ball pythons
  14 endoplasms
  A giant cockroach (D:1)
  19 goblins
  12 hobgoblins
  3 jackals (D:1)
  4 quokkas
  8 bats
  14 frilled lizards
  19 kobolds
  9 rats
1094 creatures vanquished.

Vanquished Creatures (collateral kills)
  A nagaraja (Snake:2)
  An ironbound preserver (Vaults:2)
  An orc warlord (Orc:2)
  2 lindwurms (Vaults:2)
  A vault sentinel (Vaults:2)
  An orc warrior (Orc:2)
  An orc priest (Orc:2)
8 creatures vanquished.

Vanquished Creatures (others)
  A thorn hunter (Swamp:3)
  2 fire dragons (D:14)
  A spriggan air mage (Swamp:3)
  A centaur warrior (D:14)
  A two-headed ogre (Volcano)
  A tengu warrior (D:14)
  A shock serpent (Snake:4)
  A naga sharpshooter (Snake:1)
  A spriggan berserker (Swamp:3)
  2 mana vipers (Snake:3)
  An orc sorcerer (Orc:2)
  2 orc knights
  A deep elf zephyrmancer (D:14)
  A manticore (D:14)
  A salamander (Snake:4)
  A komodo dragon (D:11)
  A bloated husk (Swamp:4)
  2 hornets (Swamp:3)
  A basilisk (Lair:5)
  A naga (Snake:4)
  2 orc warriors
  An ogre (Orc:2)
  An orc priest (Orc:2)
  2 orc wizards (Orc:2)
  A white imp (IceCv)
  8 orcs
  22 foxfires
61 creatures vanquished.

Grand Total: 1163 creatures vanquished

Notes
Turn   | Place    | Note
-------+----------+-------------------------------------------
     0 | D:1      | HilariousDeathArtist the Vine Stalker Shapeshifter began
                  | the quest for the Orb.
     0 | D:1      | Reached XP level 1. HP: 9/9 MP: 2/2
    80 | D:1      | Reached skill level 1 in Fighting
   414 | D:1      | Reached XP level 2. HP: 12/14 MP: 1/4
   481 | D:1      | Reached skill level 1 in Spellcasting
   595 | D:1      | Reached skill level 1 in Stealth
   667 | D:1      | Reached XP level 3. HP: 18/18 MP: 5/5
  1120 | D:2      | Noticed Terence
  1129 | D:2      | Reached skill level 2 in Fighting
  1129 | D:2      | Reached XP level 4. HP: 23/23 MP: 7/7
  1133 | D:2      | Killed Terence
  1134 | D:2      | Reached skill level 2 in Spellcasting
  1187 | D:2      | Identified the +2 pair of gloves of Pride {Harm}
  1269 | D:2      | Reached skill level 2 in Stealth
  1302 | D:2      | Identified the amulet of Dajoliv {Acrobat rElec}
  1662 | D:3      | Noticed an ogre
  1701 | D:3      | Reached XP level 5. HP: 26/27 MP: 9/9
  1878 | D:3      | Reached skill level 3 in Fighting
  1878 | D:3      | Reached skill level 3 in Spellcasting
  2058 | D:3      | Reached XP level 6. HP: 25/32 MP: 11/11
  2135 | D:3      | Reached skill level 3 in Stealth
  2245 | D:3      | Reached skill level 4 in Shapeshifting
  2245 | D:3      | Found a hazy altar of Hepliaklqana.
  2285 | D:3      | HP: 3/32 [ogre/+0 giant club (14)]
  2720 | D:4      | Found a staircase to the Ecumenical Temple.
  2729 | Temple   | Entered the Ecumenical Temple
  2754 | Temple   | Became a worshipper of Elyvilon the Healer
  2789 | D:4      | Noticed a black bear
  2802 | D:4      | Killed a black bear
  2981 | D:4      | Noticed a black bear
  2990 | D:5      | Entered Level 5 of the Dungeon
  2996 | D:4      | Noticed a black bear
  3012 | D:4      | Reached skill level 5 in Shapeshifting
  3012 | D:4      | Reached XP level 7. HP: 36/36 MP: 12/12
  3017 | D:4      | Reached skill level 6 in Shapeshifting
  3088 | D:4      | Reached skill level 7 in Shapeshifting
  3088 | D:4      | Gained mutation: You have razor-sharp teeth. [Vine Stalker
                  | growth]
  3088 | D:4      | Reached XP level 8. HP: 40/40 MP: 13/13
  3116 | D:4      | Noticed Blork the orc
  3132 | D:4      | Killed Blork the orc
  3378 | D:4      | Reached skill level 2 in Dodging
  3378 | D:4      | Reached skill level 1 in Invocations
  3696 | D:4      | Reached * piety under Elyvilon
  4314 | D:5      | Reached skill level 2 in Invocations
  4545 | D:5      | Reached skill level 4 in Unarmed Combat
  4672 | D:5      | Found Cozerrip's Assorted Antiques.
  4675 | D:5      | Bought a lumpy ruby potion for 20 gold pieces
  4675 | D:5      | Bought a pair of embroidered boots for 172 gold pieces
  4720 | D:5      | Reached skill level 4 in Spellcasting
  4813 | D:5      | Found a hide-covered altar of Uskayaw.
  4832 | D:5      | Reached skill level 4 in Fighting
  4888 | D:5      | Identified the amulet of the Mutiny {Spirit +Inv rPois
                  | SInv}
  4931 | D:5      | Reached XP level 9. HP: 45/45 MP: 16/16
  5055 | D:5      | Found the +7 staff of the Meek {protect, meekguard}
  5106 | D:5      | Reached skill level 3 in Dodging
  5174 | D:5      | Reached ** piety under Elyvilon
  5340 | D:6      | Noticed Duvessa
  5341 | D:6      | Noticed Dowan
  5353 | D:6      | Killed Duvessa
  5354 | D:6      | Reached skill level 3 in Invocations
  5363 | D:6      | Killed Dowan
  5624 | D:6      | Reached skill level 5 in Spellcasting
  5693 | D:6      | Reached skill level 4 in Invocations
  5847 | D:6      | Noticed Menkaure
  5851 | D:6      | Killed Menkaure
  5852 | D:6      | Reached skill level 5 in Fighting
  5852 | D:6      | Reached skill level 4 in Dodging
  6164 | D:6      | Identified the scarf "Kevonun" {+Inv, rF+ Dex+3}
  6640 | D:7      | Found an ornate altar of the Wu Jian Council.
  6656 | D:7      | Found a flagged portal.
  6680 | Bailey   | Entered a bailey
  6821 | Bailey   | Reached XP level 10. HP: 41/51 MP: 19/19
  6862 | Bailey   | Reached skill level 5 in Invocations
  6921 | Bailey   | Reached skill level 6 in Spellcasting
  7038 | Bailey   | Noticed an orc warlord
  7039 | Bailey   | Gained mutation: Your magical capacity is low. (-10% MP)
                  | [potion of mutation]
  7039 | Bailey   | Gained mutation: Your body sometimes deteriorates upon
                  | taking damage. [potion of mutation]
  7040 | Bailey   | Noticed an orc knight
  7043 | Bailey   | Noticed an orc knight
  7132 | Bailey   | Was placed under penance by Elyvilon
  7132 | Bailey   | Fell from the grace of Elyvilon
  7133 | Bailey   | Killed an orc warlord
  7134 | Bailey   | Reached skill level 6 in Fighting
  7134 | Bailey   | Reached skill level 5 in Dodging
  7153 | Bailey   | Killed an orc knight
  7154 | Bailey   | Reached skill level 6 in Invocations
  7403 | Temple   | Became a worshipper of Elyvilon the Healer
  7553 | D:7      | Found a broken altar of Ashenzari.
  7659 | D:7      | Found Soistriwn's Antique Weapon Emporium.
  7674 | D:7      | Reached skill level 7 in Spellcasting
  8398 | D:8      | Reached XP level 11. HP: 51/58 MP: 20/20
  8405 | D:8      | Found a glowing golden altar of the Shining One.
  8581 | D:8      | Reached skill level 7 in Fighting
  8641 | D:8      | Reached skill level 6 in Dodging
  8774 | D:8      | Found a runed translucent door.
  8774 | D:8      | Noticed a green ugly thing
  8775 | D:8      | Noticed JoadsterXIII's ghost (novice FoFi)
  8964 | D:8      | Noticed Grum
  8975 | D:8      | Reached skill level 7 in Invocations
  8980 | D:8      | Killed Grum
  9048 | D:8      | Found Iqer's Jewellery Shoppe.
  9054 | D:8      | Acquired 1044 gold pieces
  9056 | D:8      | Bought the ring of Cumn {rPois MP+9 Int+2 SInv} for 651
                  | gold pieces
  9071 | D:8      | Bought a +4 ring of protection for 432 gold pieces
  9221 | D:9      | Noticed Erica
  9251 | D:9      | Noticed Maurice
  9590 | D:9      | Noticed a two-headed ogre
  9606 | D:9      | Killed a two-headed ogre
  9607 | D:9      | Reached skill level 8 in Spellcasting
  9663 | D:9      | Identified the +6 chain mail of Ashenzari's Hope {*Slow
                  | rPois rC+ rCorr}
  9687 | D:9      | Reached *** piety under Elyvilon
  9692 | D:9      | Noticed Erolcha
  9702 | D:9      | Killed Erolcha
 10112 | D:10     | Entered Level 10 of the Dungeon
 10112 | D:10     | Found a sacrificial altar of Ru.
 10193 | D:10     | Found a blossoming altar of Fedhas.
 10283 | D:10     | Found a shimmering blue altar of Sif Muna.
 10344 | D:10     | Reached skill level 8 in Fighting
 10344 | D:10     | Reached skill level 8 in Invocations
 10457 | D:10     | Reached skill level 7 in Dodging
 10464 | D:10     | Found a burning altar of Makhleb.
 10685 | D:10     | Noticed a two-headed ogre
 10722 | D:10     | Killed a two-headed ogre
 10733 | D:10     | Reached XP level 12. HP: 65/65 MP: 23/23
 10877 | D:10     | Found a portal to a secret trove of treasure.
 10994 | D:11     | Found a staircase to the Lair.
 10994 | D:11     | Reached **** piety under Elyvilon
 11006 | D:11     | Noticed a two-headed ogre
 11014 | D:11     | Killed a two-headed ogre
 11015 | D:11     | Reached skill level 9 in Spellcasting
 11125 | D:11     | Noticed a two-headed ogre
 11134 | D:11     | Killed a two-headed ogre
 11309 | D:11     | Noticed a boulder beetle
 11331 | D:11     | Killed a boulder beetle
 11500 | D:11     | HP: 13/65 [komodo dragon (20)]
 11514 | D:11     | Reached skill level 9 in Invocations
 11517 | D:11     | HP: 15/65 [komodo dragon (21)]
 11523 | D:11     | HP: 16/65 [komodo dragon (3)]
 11829 | D:11     | Reached skill level 9 in Fighting
 11910 | D:11     | Identified the +1 robe of Bexuqon {rC+ Will+ Regen+}
 12262 | D:12     | Found a staircase to the Orcish Mines.
 12324 | D:12     | Found Moseip's Serpentskin Sales.
 12332 | D:12     | Reached skill level 8 in Dodging
 12349 | D:12     | Bought a scroll of poison for 56 gold pieces
 12349 | D:12     | Bought a ring of poison resistance for 280 gold pieces
 12436 | D:12     | Reached skill level 10 in Spellcasting
 12501 | D:12     | Noticed a two-headed ogre
 12512 | D:12     | Killed a two-headed ogre
 12806 | D:12     | Reached XP level 13. HP: 70/70 MP: 25/25
 12969 | D:12     | Reached skill level 10 in Invocations
 13384 | Lair:1   | Entered Level 1 of the Lair of Beasts
 13610 | Lair:1   | Reached skill level 10 in Fighting
 13701 | Lair:1   | Reached skill level 9 in Dodging
 13744 | Lair:1   | Reached ***** piety under Elyvilon
 13839 | Lair:1   | Found a dark tunnel.
 13854 | Volcano  | Entered a volcano
 13879 | Volcano  | Reached skill level 11 in Spellcasting
 13993 | Volcano  | Noticed a red draconian
 13994 | Volcano  | Found a burning altar of Makhleb.
 14019 | Volcano  | Killed a red draconian
 14993 | Lair:2   | HP: 18/72 [six-headed hydra (3)]
 15122 | Lair:2   | Reached skill level 11 in Invocations
 15518 | Lair:2   | Reached XP level 14. HP: 61/77 MP: 27/27
 15556 | Lair:2   | Identified the +7 glaive "Deoppufo" {vamp, Str+2}
 15563 | Lair:2   | Identified the +1 leather armour of Cillee {Fly}
 15641 | Lair:3   | Noticed Sonja
 15647 | Lair:3   | Killed Sonja
 15909 | Lair:3   | Found a staircase to the Snake Pit.
 16026 | Lair:3   | Reached skill level 11 in Fighting
 16261 | Lair:3   | Reached skill level 12 in Spellcasting
 16261 | Lair:3   | Reached skill level 8 in Shapeshifting
 16437 | Lair:3   | Reached ****** piety under Elyvilon
 16555 | Lair:3   | Found a staircase to the Swamp.
 16559 | Lair:3   | Learned a level 2 spell: Blink
 16756 | Lair:4   | Reached skill level 10 in Dodging
 17396 | Lair:4   | Reached skill level 1 in Translocations
 17824 | Lair:5   | Entered Level 5 of the Lair of Beasts
 18016 | Lair:5   | Reached skill level 2 in Translocations
 18164 | Lair:5   | Found a large runed translucent door.
 18167 | Lair:5   | Found a large runed translucent door.
 18256 | Lair:5   | HP: 19/79 [hell hog (4)]
 18433 | Lair:5   | Reached skill level 12 in Invocations
 18532 | Lair:5   | Reached skill level 3 in Translocations
 18538 | Lair:5   | Reached XP level 15. HP: 81/83 MP: 29/29
 18577 | Lair:5   | Identified the +5 short sword of Makhleb's Anger {venom,
                  | *Noise Int+5}
 18899 | Lair:5   | Found a runed translucent door.
 19096 | Lair:5   | Found a viscous altar of Jiyva.
 19096 | Lair:5   | Noticed an acid blob
 19097 | Lair:5   | Noticed an acid blob
 19098 | Lair:5   | Found a staircase to the Slime Pits.
 19098 | Lair:5   | Noticed an acid blob
 19458 | Orc:1    | Entered Level 1 of the Orcish Mines
 19575 | Orc:2    | Entered Level 2 of the Orcish Mines
 19575 | Orc:2    | Noticed an orc warlord
 19588 | Orc:1    | Found a roughly hewn altar of Beogh.
 19717 | Orc:2    | Found a roughly hewn altar of Beogh.
 19811 | Orc:2    | Found a frozen archway.
 19880 | IceCv    | Entered an ice cave
 20485 | IceCv    | Reached skill level 4 in Translocations
 20556 | IceCv    | Found the +10 dark maul {heavy}
 20748 | Orc:2    | Reached skill level 9 in Shapeshifting
 20848 | Orc:2    | Killed an orc warlord
 21038 | Orc:2    | Found Lel Jiy's Antique Weapon Shoppe.
 21348 | Orc:2    | Reached skill level 1 in Evocations
 21527 | Orc:2    | Found a staircase to the Elven Halls.
 21668 | Orc:1    | Found an ornate altar of the Wu Jian Council.
 21672 | Orc:1    | Found a transporter.
 21676 | Orc:1    | Found a transporter.
 21692 | Orc:1    | Found a transporter.
 21712 | Orc:1    | Found a transporter.
 21713 | Orc:1    | Found an ornate altar of the Wu Jian Council.
 21713 | Orc:1    | Noticed an orc warlord
 21982 | Orc:1    | HP: 19/84 [orc warlord/+8 great sword (20)]
 21985 | Orc:1    | Killed an orc warlord
 22287 | Orc:2    | HP: 18/82 [soul eater[an orc high priest] (10)]
 22287 | Orc:2    | HP: 5/82 [orc knight/+0 dire flail (13)]
 22288 | Orc:2    | Found Colipatz's Antique Armour Shop.
 22402 | Orc:2    | Reached skill level 13 in Spellcasting
 22462 | Orc:2    | Found Meson's Distillery.
 22463 | Orc:2    | Found a roughly hewn altar of Beogh.
 22473 | Orc:2    | Bought a potion of mutation for 104 gold pieces
 22473 | Orc:2    | Bought a potion of resistance for 130 gold pieces
 22473 | Orc:2    | Bought a potion of ambrosia for 104 gold pieces
 22473 | Orc:2    | Bought 2 potions of brilliance for 104 gold pieces
 22514 | Orc:2    | Noticed an orc warlord
 22517 | Orc:2    | Reached skill level 12 in Fighting
 22535 | Orc:2    | Reached skill level 2 in Evocations
 22550 | Orc:2    | Killed an orc warlord
 22603 | Orc:2    | Found Sytyza's Antique Armour Shoppe.
 22748 | D:13     | Noticed Jorgrun
 22753 | D:13     | Noticed Urug
 22772 | D:13     | Pacified Urug
 22773 | D:13     | Reached skill level 5 in Translocations
 22778 | D:13     | Killed Jorgrun
 23008 | D:13     | Found Zeelaxao's Jewellery Shoppe.
 23033 | D:13     | Noticed Frances
 23049 | D:13     | Killed Frances
 23136 | D:13     | Reached skill level 11 in Dodging
 23148 | D:13     | HP: 16/84 [deep elf knight/lance of force (11)]
 23149 | D:13     | HP: 6/84 [deep elf knight/arrow (11)]
 23296 | D:13     | Found a transporter.
 23296 | D:13     | Noticed Nahiclev's ghost (journeyman SpBr)
 23301 | D:13     | Identified the +1 great mace "Hehotafo" {speed, rF+ rC+}
 23388 | D:13     | Reached XP level 16. HP: 84/88 MP: 30/30
 23546 | D:13     | Found a gate to the Vaults.
 23672 | D:13     | Found a transporter.
 23798 | D:14     | Reached skill level 3 in Evocations
 23832 | D:14     | HP: 19/88 [tengu warrior/+0 war axe (7)]
 23842 | D:14     | HP: 12/88 [freezing wraith (12)]
 23848 | D:14     | HP: 10/88 [freezing wraith (15)]
 24621 | D:14     | Reached skill level 13 in Invocations
 25411 | Orc:2    | Bought a potion of curing for 39 gold pieces
 25411 | Orc:2    | Bought a potion of enlightenment for 65 gold pieces
 25411 | Orc:2    | Bought a potion of enlightenment for 65 gold pieces
 25651 | D:5      | Bought a potion of magic for 184 gold pieces
 25767 | D:8      | HP: 19/90 [white ugly thing (24)]
 25769 | D:8      | Reached skill level 6 in Translocations
 25880 | D:9      | Upgraded the game from 0.32-a0-928-g1cae6b7ea0 to
                  | 0.32-a0-953-g508020473e
 25922 | D:9      | Maurice stole a ring of protection from cold {rC+, !d}
 25928 | D:9      | Killed Maurice
 26113 | Snake:1  | Entered Level 1 of the Snake Pit
 26357 | Snake:1  | You fall into a shaft and drop 1 floor!
 26384 | Snake:2  | Reached skill level 10 in Shapeshifting
 26631 | Snake:1  | Found Lusk's Antique Armour Boutique.
 26811 | Snake:1  | Found Dajeinidgh's Book Emporium.
 26813 | Snake:1  | Found Okugieso's Jewellery Shop.
 26885 | Snake:1  | Found Ysmuarph's General Store.
 27390 | Snake:2  | Reached skill level 4 in Evocations
 27973 | Snake:2  | Noticed a nagaraja
 28188 | Snake:2  | Killed a nagaraja
 29222 | Snake:3  | Noticed a nagaraja
 29330 | Snake:3  | Reached XP level 17. HP: 94/94 MP: 32/32
 29920 | Snake:4  | Entered Level 4 of the Snake Pit
 29929 | Snake:4  | HP: 23/94 [anaconda (13)]
 29930 | Snake:4  | HP: 11/94 [constriction (3)]
 29940 | Snake:4  | Identified the serpent talisman of the Saviour {+Blink rN+
                  | Str-2}
 29940 | Snake:4  | Noticed Aizul
 29966 | Snake:4  | HP: 20/117 [naga sharpshooter/arrow (11)]
 29970 | Snake:4  | Killed Aizul
 29977 | Snake:4  | Reached skill level 7 in Translocations
 30402 | Snake:4  | Reached skill level 5 in Evocations
 30412 | Snake:4  | HP: 28/112 [anaconda[a naga ritualist] (4)]
 30419 | Snake:4  | Reached skill level 11 in Shapeshifting
 30615 | Snake:4  | Reached skill level 5 in Unarmed Combat
 30950 | Snake:3  | HP: 28/112 [naga/+0 dire flail (17)]
 31083 | Snake:4  | HP: 26/112 [constriction (7)]
 31280 | Snake:4  | Reached skill level 14 in Spellcasting
 31943 | Swamp:1  | Entered Level 1 of the Swamp
 31943 | Swamp:1  | Found a transporter.
 31943 | Swamp:1  | Found a transporter.
 31962 | Swamp:1  | Noticed a tentacled monstrosity
 32306 | Swamp:1  | Reached skill level 13 in Fighting
 32332 | Swamp:1  | Found a runed translucent door.
 32332 | Swamp:1  | Noticed Ylluogh's ghost (adept GnWn)
 33001 | Swamp:2  | Reached skill level 6 in Unarmed Combat
 33547 | Swamp:2  | Reached skill level 12 in Dodging
 34142 | Swamp:3  | Reached skill level 7 in Unarmed Combat
 34142 | Swamp:3  | Reached skill level 6 in Evocations
 34151 | Swamp:3  | HP: 27/114 [bog body (20)]
 34432 | Swamp:3  | Reached skill level 12 in Shapeshifting
 34432 | Swamp:3  | Reached XP level 18. HP: 73/100 MP: 17/33
 34595 | Swamp:3  | Reached skill level 14 in Invocations
 34762 | Swamp:3  | Noticed Mlioglotl
 34790 | Swamp:3  | Killed Mlioglotl
 34807 | Swamp:3  | HP: 25/120 [shambling mangrove (27)]
 34807 | Swamp:3  | HP: 9/120 [eleionoma (10)]
 35136 | Swamp:3  | Identified the +0 pair of gloves of Ennui {Str+6}
 35136 | Swamp:3  | Noticed Nikola
 35178 | Swamp:3  | HP: 24/120 [Nikola/arc of chain lightning (39)]
 35180 | Swamp:3  | Elyvilon protects you from harm!
 35181 | Swamp:3  | Killed Nikola
 35182 | Swamp:3  | Reached skill level 8 in Unarmed Combat
 35506 | Swamp:3  | Identified the +5 flail "Joac" {drain, rCorr}
 35715 | Swamp:4  | Entered Level 4 of the Swamp
 36011 | Swamp:4  | Noticed Louise
 36035 | Swamp:4  | Killed Louise
 36243 | Swamp:4  | Reached skill level 9 in Unarmed Combat
 36252 | Swamp:4  | HP: 28/120 [six-headed hydra (4)]
 36253 | Swamp:4  | HP: 12/120 [six-headed hydra (11)]
 36261 | Swamp:4  | HP: 18/120 [eleionoma/spray of wooden splinters (25)]
 36878 | Swamp:4  | Noticed the 27-headed Lernaean hydra
 36887 | Swamp:4  | Pacified the 27-headed Lernaean hydra
 37004 | Swamp:4  | Reached skill level 10 in Unarmed Combat
 37509 | Swamp:4  | Got a decaying rune of Zot
 38261 | Snake:4  | Reached skill level 13 in Shapeshifting
 38462 | Snake:4  | Reached skill level 11 in Unarmed Combat
 38724 | Snake:4  | HP: 29/120 [constriction (5)]
 38725 | Snake:4  | HP: 9/120 [guardian serpent (12)]
 38727 | Snake:4  | HP: 4/120 [poisoned by a guardian serpent (bolt of poison)]
 39047 | Snake:4  | Got a serpentine rune of Zot
 39382 | Vaults:1 | Entered Level 1 of the Vaults
 39465 | Vaults:1 | Reached skill level 12 in Unarmed Combat
 39467 | Vaults:1 | HP: 13/120 [vault guard/+0 long sword[a vault warden] (28)]
 39470 | Vaults:1 | Reached XP level 19. HP: 42/104 MP: 1/34
 39479 | Vaults:1 | HP: 23/124 [vault guard/+0 great mace[a vault warden] (13)]
 39488 | Vaults:1 | HP: 15/124 [ironbound convoker/+0 great mace[a vault
                  | warden] (16)]
 39751 | D:8      | Killed JoadsterXIII's ghost
 39795 | D:8      | Bought a maw talisman for 360 gold pieces
 39914 | D:13     | Bought the ring "Ocurch" {rPois rF+ rCorr Dex+2} for 636
                  | gold pieces
 40701 | Vaults:1 | Reached skill level 13 in Unarmed Combat
 40962 | Vaults:2 | Noticed Margery
 41071 | Vaults:2 | Noticed Mennas
 41077 | Vaults:2 | Reached skill level 14 in Shapeshifting
 41134 | Vaults:2 | HP: 22/104 [Mennas/+4 eudemon blade of holy wrath (21)]
 41134 | Vaults:2 | HP: 8/104 [Mennas/+4 eudemon blade of holy wrath (11)]
 41136 | Vaults:2 | Demolished by Mennas

Illustrated notes

Levels and vault maps discovered:
D:1:      arrival_zaba_pyramid, layout_basic
D:2:      layout_rooms, grunt_ministairs_13, uniq_terence
D:3:      layout_loops_ring, general_overflow_altar, nrook_mini_backslash,
          kennysheep_generic_room_7
D:4:      minmay_wonky_spiral, layout_basic, minmay_temple_entry_mist,
          uniq_blork_the_orc
D:5:      old_forge, layout_loops_corners, lemuel_crystal_altar, serial_shops,
          nicolae_shop_behind_doors, chequers_serial_rivers_small_a
D:6:      layout_basic, uniq_duvessa, uniq_menkaure
D:7:      layout_basic, nicolae_overflow_hidden_temple,
          nzn_wu_jian_council_hall, serial_shops, shop, enter_bailey_3
D:8:      layout_loops_ring, mainiacjoe_overflow_concentric_impassable,
          ebering_ghost_inner_flame, serial_shops, kennysheep_little_box,
          kennysheep_nub, uniq_grum
D:9:      layout_gridville, grunt_ministairs_1, minivault_23, chequers_avenue,
          uniq_maurice, uniq_erica, uniq_erolcha
D:10:     layout_roguey, fedhas_ov_isle_minmay, demons_altar,
          mainiacjoe_overflow_catch_the_wave, nicolae_trove_entry_columns
D:11:     lemuel_reptile_caves, layout_basic, lair_entry_dummy
D:12:     layout_roguey, orc_0_dummy, guppyfry_shop_venom
D:13:     layout_loops_ring, hangedman_vaults_entry_quadrant_bands,
          gammafunk_ghost_smash, serial_shops, shop, uniq_jorgrun, uniq_frances,
          uniq_urug
D:14:     minmay_crescents, layout_basic, minmay_misc_feat_five,
          serial_co_window_serial, co_window_corner_a, co_window_corner_a,
          co_window_of_opportunity_a, co_window_paths_a,
          co_window_of_opportunity_a, co_window_corner_cb, co_window_2corner,
          co_window_of_opportunity_b, co_window_corner_b, co_window_paths_c,
          glass_columns_a, glass_columns_c, glass_columns_a, glass_columns_b,
          glass_columns_c
Temple:   nicolae_temple_god_jail
Lair:1:   layout_cave_pods, lightli_volcano_entry_magma_tube
Lair:2:   layout_loops_ring, minmay_lindwurm_lava
Lair:3:   layout_cave_pods, minmay_swamp_entry_worms,
          minmay_snake_entry_six_corridors, minivault_11, serial_bayou_shore_b,
          uniq_sonja
Lair:4:   layout_small_grid, serial_bayou_shore_a, infiniplex_staircase_pool_2
Lair:5:   cheibrodos_lair_end_hotspot, layout_regular_city, slime_entry_2,
          infiniplex_staircase_pool
Swamp:1:  gammafunk_sealed_arena, layout_basic_swamp, gammafunk_ghost_grave,
          evilmike_swamp_ruin_house_6, swamp_pool_5
Swamp:2:  layout_basic_swamp, hangedman_swamp_diagram, swamp_pool_1_2
Swamp:3:  layout_basic_swamp, evilmike_swamp_ruin_rubble_1, uniq_mlioglotl,
          uniq_nikola
Swamp:4:  swamp_old_school, layout_basic_swamp, uniq_louise
Snake:1:  layout_layer_cave, serial_shops, nicolae_shop_advertising_works
          [nicolae_subvault_shop_adworks], shop, nicolae_shop_tiny_glass, shop
Snake:2:  layout_cave_pods, lemuel_fruit_tree
Snake:3:  cheibrodos_snake_ritualist_ritual, layout_onion
Snake:4:  snake_pit_salamanders_mu, layout_basic, drop_trap, uniq_aizul
Orc:1:    dreamdust_wu_jian_sword_trials, layout_caves, basic_altar,
          nicolae_orc_rockfall
Orc:2:    hellmonk_orc_salted, layout_caves, portal_ice_cave_entry_imps,
          mines1_david
Vaults:1: ontoclasm_vaults_decontamination, hangedman_vaults_cutoff,
          v_alt_pattern_3, vaults_room_pools, grunt_vaults_twisty,
          nicolae_vaults_tetromino_L_2, v_alt_pattern_6,
          nicolae_vaults_alarming, v_misc_15, nicolae_vaults_little_squares_5,
          vaults_room_pools, layout_vaults_big_room
Vaults:2: portal_desolation_entry_holy_temple,
          minmay_crypt_entry_simple_corners, v_misc_4, v_pattern_4,
          nicolae_vaults_gold_heap, hangedman_vaults_hat,
          nicolae_vaults_octothorpe, st_lines, vaults_room_door_hall, v_misc_4,
          vaults_dpeg_ring, hangedman_vaults_corner_blocks,
          layout_vaults_maze_snakey, uniq_margery, uniq_mennas

Skill      XL: |  1  2  3  4  5  6  7  8  9 10 11 12 13 14 15 16 17 18 19 |
---------------+----------------------------------------------------------+-----
Fighting       | 1 2 3 4 5 6 8 9 10 11 12 13 | 13.0
Spellcasting   | 1 2 3 4 5 7 8 10 11 12 13 14 | 14.0
Stealth        | 1 2 3 |  3.0
Shapeshifting  | 5 7 8 9 10 12 13 14 | 14.0
Dodging        | 2 4 5 7 8 9 10 11 12 | 12.0
Invocations    | 2 4 6 8 9 11 12 13 14 | 14.0
Unarmed Combat | 4 7 12 13 | 13.9
Translocations | 3 5 6 7 |  7.0
Evocations     | 2 4 6 |  6.0

Action                     |  1- 3 |  4- 6 |  7- 9 | 10-12 | 13-15 | 16-18 | 19-21 || total
---------------------------+-------+-------+-------+-------+-------+-------+-------++-------
  Melee: Unarmed           |    70 |   138 |   403 |   813 |  1756 |  1215 |   211 ||  4606
         Bite              |    22 |    31 |   179 |   360 |   923 |   309 |   114 ||  1938
         Punch             |     2 |     1 |       |       |       |       |    25 ||    28
         Quarterstaff      |       |       |       |       |       |   339 |       ||   339
         Constrict         |       |       |       |       |       |   173 |     2 ||   175
         Maw               |       |       |       |       |       |       |    93 ||    93
  Throw: Stone             |    11 |     9 |       |       |       |       |       ||    20
   Cast: Blink             |       |       |       |       |     1 |    12 |     3 ||    16
 Invoke: Heal Self         |       |       |       |     3 |     1 |    29 |     3 ||    36
         Heal Other        |       |       |       |     1 |     9 |    26 |     4 ||    40
         Purification      |       |       |       |       |       |     1 |       ||     1
         Divine Vigour     |       |       |       |       |       |     1 |       ||     1
Ability: Evoke Blink       |       |       |       |       |       |     1 |     1 ||     2
  Evoke: Wand              |       |       |       |    13 |    10 |    14 |     6 ||    43
         Phantom mirror    |       |       |       |       |     2 |     3 |     1 ||     6
    Use: Scroll            |     1 |     7 |     5 |    10 |     8 |     8 |     3 ||    42
         Potion            |     1 |     6 |       |     3 |     1 |     5 |     2 ||    18
   Stab: Sleeping          |     2 |     2 |     2 |     4 |     3 |    17 |     1 ||    31
         Distracted        |       |       |     1 |     2 |     3 |     1 |       ||     7
         Invisible         |       |       |       |       |     2 |     3 |       ||     5
         Paralysed         |       |       |       |       |     8 |     5 |     6 ||    19
         Petrified         |       |       |       |       |       |     5 |       ||     5
         Petrifying        |       |       |       |       |       |     1 |       ||     1
 Armour: Animal skin       |    10 |       |       |       |       |       |       ||    10
         Ring mail         |    28 |    86 |     8 |       |       |       |       ||   122
         Skin              |     4 |    18 |   169 |   336 |   861 |  1177 |   105 ||  2670
         Robe              |       |       |       |       |       |   391 |       ||   391
  Dodge: Dodged            |    26 |    89 |   371 |   812 |  2247 |  1998 |   172 ||  5715
   Form: Flux              |       |       |     2 |       |       |       |       ||     2
         Beast             |       |       |     1 |       |       |       |       ||     1
                           |       |       |       |       |       |     1 |       ||     1
         Serpent           |       |       |       |       |       |     1 |       ||     1
         Maw               |       |       |       |       |       |       |     1 ||     1

Table legend: (Time is in decaauts)
 A = Elapsed time spent in this place.
 B = Non-inter-level travel time spent in this place.
 C = Inter-level travel time spent in this place.
 D = Time resting spent in this place.
 E = Time spent auto-exploring this place.
 F = Levels seen in this place.
 G = Mean time per level.
                   A        B        C        D        E       F      G
               +--------+--------+--------+--------+--------+-----+--------+
         Total |  40892 |  37472 |   3420 |    244 |  27507 |  35 | 1168.3 |
       Dungeon |  16409 |  14668 |   1741 |     18 |  11382 |  14 | 1172.1 |
        Temple |     81 |     25 |     56 |      0 |      0 |   1 |   81.0 |
          Lair |   5838 |   5308 |    530 |      3 |   3789 |   5 | 1167.6 |
         Swamp |   5661 |   5409 |    252 |    109 |   4046 |   4 | 1415.2 |
     Snake Pit |   7299 |   6858 |    441 |    102 |   5273 |   4 | 1824.8 |
  Orcish Mines |   2493 |   2182 |    311 |      5 |   1402 |   2 | 1246.5 |
        Vaults |   1382 |   1297 |     85 |      0 |    883 |   2 |  691.0 |
        Bailey |    578 |    578 |      0 |      0 |    167 |   1 |  578.0 |
      Ice Cave |    820 |    820 |      0 |      6 |    445 |   1 |  820.0 |
       Volcano |    327 |    327 |      0 |      0 |    117 |   1 |  327.0 |
               +--------+--------+--------+--------+--------+-----+--------+

Top non-repeatable levels by time:
 Snake:4: 2931 daAuts
 Swamp:3: 1935 daAuts
 Snake:3: 1692 daAuts
   Orc:2: 1650 daAuts
    D:14: 1595 daAuts
 Snake:2: 1521 daAuts
    D:11: 1443 daAuts
 Swamp:4: 1418 daAuts
     D:6: 1411 daAuts
     D:4: 1391 daAuts
    D:13: 1325 daAuts
  Lair:3: 1313 daAuts
  Lair:5: 1277 daAuts
     D:5: 1261 daAuts
Vaults:1: 1261 daAuts

Levels and vault maps discovered:
D:1:      arrival_zaba_pyramid, layout_basic
D:2:      layout_rooms, grunt_ministairs_13, uniq_terence
D:3:      layout_loops_ring, general_overflow_altar, nrook_mini_backslash,
          kennysheep_generic_room_7
D:4:      minmay_wonky_spiral, layout_basic, minmay_temple_entry_mist,
          uniq_blork_the_orc
D:5:      old_forge, layout_loops_corners, lemuel_crystal_altar, serial_shops,
          nicolae_shop_behind_doors, chequers_serial_rivers_small_a
D:6:      layout_basic, uniq_duvessa, uniq_menkaure
D:7:      layout_basic, nicolae_overflow_hidden_temple,
          nzn_wu_jian_council_hall, serial_shops, shop, enter_bailey_3
D:8:      layout_loops_ring, mainiacjoe_overflow_concentric_impassable,
          ebering_ghost_inner_flame, serial_shops, kennysheep_little_box,
          kennysheep_nub, uniq_grum
D:9:      layout_gridville, grunt_ministairs_1, minivault_23, chequers_avenue,
          uniq_maurice, uniq_erica, uniq_erolcha
D:10:     layout_roguey, fedhas_ov_isle_minmay, demons_altar,
          mainiacjoe_overflow_catch_the_wave, nicolae_trove_entry_columns
D:11:     lemuel_reptile_caves, layout_basic, lair_entry_dummy
D:12:     layout_roguey, orc_0_dummy, guppyfry_shop_venom
D:13:     layout_loops_ring, hangedman_vaults_entry_quadrant_bands,
          gammafunk_ghost_smash, serial_shops, shop, uniq_jorgrun, uniq_frances,
          uniq_urug
D:14:     minmay_crescents, layout_basic, minmay_misc_feat_five,
          serial_co_window_serial, co_window_corner_a, co_window_corner_a,
          co_window_of_opportunity_a, co_window_paths_a,
          co_window_of_opportunity_a, co_window_corner_cb, co_window_2corner,
          co_window_of_opportunity_b, co_window_corner_b, co_window_paths_c,
          glass_columns_a, glass_columns_c, glass_columns_a, glass_columns_b,
          glass_columns_c
Temple:   nicolae_temple_god_jail
Lair:1:   layout_cave_pods, lightli_volcano_entry_magma_tube
Lair:2:   layout_loops_ring, minmay_lindwurm_lava
Lair:3:   layout_cave_pods, minmay_swamp_entry_worms,
          minmay_snake_entry_six_corridors, minivault_11, serial_bayou_shore_b,
          uniq_sonja
Lair:4:   layout_small_grid, serial_bayou_shore_a, infiniplex_staircase_pool_2
Lair:5:   cheibrodos_lair_end_hotspot, layout_regular_city, slime_entry_2,
          infiniplex_staircase_pool
Swamp:1:  gammafunk_sealed_arena, layout_basic_swamp, gammafunk_ghost_grave,
          evilmike_swamp_ruin_house_6, swamp_pool_5
Swamp:2:  layout_basic_swamp, hangedman_swamp_diagram, swamp_pool_1_2
Swamp:3:  layout_basic_swamp, evilmike_swamp_ruin_rubble_1, uniq_mlioglotl,
          uniq_nikola
Swamp:4:  swamp_old_school, layout_basic_swamp, uniq_louise
Snake:1:  layout_layer_cave, serial_shops, nicolae_shop_advertising_works
          [nicolae_subvault_shop_adworks], shop, nicolae_shop_tiny_glass, shop
Snake:2:  layout_cave_pods, lemuel_fruit_tree
Snake:3:  cheibrodos_snake_ritualist_ritual, layout_onion
Snake:4:  snake_pit_salamanders_mu, layout_basic, drop_trap, uniq_aizul
Orc:1:    dreamdust_wu_jian_sword_trials, layout_caves, basic_altar,
          nicolae_orc_rockfall
Orc:2:    hellmonk_orc_salted, layout_caves, portal_ice_cave_entry_imps,
          mines1_david
Vaults:1: ontoclasm_vaults_decontamination, hangedman_vaults_cutoff,
          v_alt_pattern_3, vaults_room_pools, grunt_vaults_twisty,
          nicolae_vaults_tetromino_L_2, v_alt_pattern_6,
          nicolae_vaults_alarming, v_misc_15, nicolae_vaults_little_squares_5,
          vaults_room_pools, layout_vaults_big_room
Vaults:2: portal_desolation_entry_holy_temple,
          minmay_crypt_entry_simple_corners, v_misc_4, v_pattern_4,
          nicolae_vaults_gold_heap, hangedman_vaults_hat,
          nicolae_vaults_octothorpe, st_lines, vaults_room_door_hall, v_misc_4,
          vaults_dpeg_ring, hangedman_vaults_corner_blocks,
          layout_vaults_maze_snakey, uniq_margery, uniq_mennas

Table legend: (Time is in decaauts)
 A = Elapsed time spent in this place.
 B = Non-inter-level travel time spent in this place.
 C = Inter-level travel time spent in this place.
 D = Time resting spent in this place.
 E = Time spent auto-exploring this place.
 F = Levels seen in this place.
 G = Mean time per level.
                   A        B        C        D        E       F      G
               +--------+--------+--------+--------+--------+-----+--------+
         Total |  40892 |  37472 |   3420 |    244 |  27507 |  35 | 1168.3 |
       Dungeon |  16409 |  14668 |   1741 |     18 |  11382 |  14 | 1172.1 |
        Temple |     81 |     25 |     56 |      0 |      0 |   1 |   81.0 |
          Lair |   5838 |   5308 |    530 |      3 |   3789 |   5 | 1167.6 |
         Swamp |   5661 |   5409 |    252 |    109 |   4046 |   4 | 1415.2 |
     Snake Pit |   7299 |   6858 |    441 |    102 |   5273 |   4 | 1824.8 |
  Orcish Mines |   2493 |   2182 |    311 |      5 |   1402 |   2 | 1246.5 |
        Vaults |   1382 |   1297 |     85 |      0 |    883 |   2 |  691.0 |
        Bailey |    578 |    578 |      0 |      0 |    167 |   1 |  578.0 |
      Ice Cave |    820 |    820 |      0 |      6 |    445 |   1 |  820.0 |
       Volcano |    327 |    327 |      0 |      0 |    117 |   1 |  327.0 |
               +--------+--------+--------+--------+--------+-----+--------+

Top non-repeatable levels by time:
 Snake:4: 2931 daAuts
 Swamp:3: 1935 daAuts
 Snake:3: 1692 daAuts
   Orc:2: 1650 daAuts
    D:14: 1595 daAuts
 Snake:2: 1521 daAuts
    D:11: 1443 daAuts
 Swamp:4: 1418 daAuts
     D:6: 1411 daAuts
     D:4: 1391 daAuts
    D:13: 1325 daAuts
  Lair:3: 1313 daAuts
  Lair:5: 1277 daAuts
     D:5: 1261 daAuts
Vaults:1: 1261 daAuts

Table legend:
 A = Kills in this place as a percentage of kills in the entire game.
 B = Kills by you in this place as a percentage of kills by you in the entire game.
 C = Kills by friends in this place as a percentage of kills by friends in the entire game.
 D = Other kills in this place as a percentage of other kills in the entire game.
 E = Experience gained in this place as a percentage of experience gained in the entire game.
 F = Experience gained in this place divided by the number of levels of this place that you have seen.
                   A       B       C       D       E      F
               +-------+-------+-------+-------+-------+----------------------
         Total | 100.0 | 100.0 | 100.0 | 100.0 | 100.0 | 9575.7
       Dungeon |  36.0 |  36.5 |   0.0 |   0.0 |  17.7 | 4229.0
        Temple |   0.1 |   0.1 |   0.0 |   0.0 |   0.0 |  13.0
          Lair |  14.5 |  14.6 |   0.0 |  16.7 |  15.2 | 10175.2
         Swamp |  11.6 |  11.6 |   0.0 |  16.7 |  20.5 | 17150.0
     Snake Pit |  12.8 |  12.7 |  12.5 |  33.3 |  24.5 | 20540.2
  Orcish Mines |   9.1 |   8.9 |  37.5 |  16.7 |   6.4 | 10780.5
        Vaults |   5.9 |   5.6 |  50.0 |   0.0 |  12.2 | 20450.0
        Bailey |   4.2 |   4.3 |   0.0 |   0.0 |   1.0 | 3223.0
      Ice Cave |   4.5 |   4.5 |   0.0 |  16.7 |   1.2 | 4061.0
       Volcano |   1.3 |   1.3 |   0.0 |   0.0 |   1.4 | 4549.0
               +-------+-------+-------+-------+-------+----------------------
